 Dungeon Crawl Stone Soup version 0.26-a0-648-g87339cca5e (webtiles) character file.

Game seed: 11653579959065497922

55 KennyOmg the Chopper (level 3, 0/34 HPs)
             Began as a Hill Orc Berserker on Sept 25, 2020.
             Was a Believer of Trog.
             Slain by a worm (12 damage)
             ... on level 2 of the Dungeon.
             The game lasted 00:01:54 (1800 turns).

KennyOmg the Chopper (Hill Orc Berserker)           Turns: 1800, Time: 00:01:54

Health: 0/34       AC:  2    Str: 20    XL:     3   Next: 93%
Magic:  3/3        EV: 12    Int:  7    God:    Trog [**....]
Gold:   110        SH:  0    Dex: 10    Spells: 2/2 levels left

rFire    . . .     SeeInvis .   a - +0 hand axe
rCold    . . .     Faith    .   (no shield)
rNeg     . . .     Spirit   .   b - +0 animal skin
rPois    .         Reflect  .   (no helmet)
rElec    .         Harm     .   (no cloak)
rCorr    .         Rampage  .   (no gloves)
MR       .....                  (no boots)
Stlth    +.........             (no amulet)
HPRegen  0.11/turn              (no ring)
MPRegen  0.08/turn              (no ring)

@: no status effects
A: no striking features
a: Berserk, Trog's Hand, Renounce Religion


You were on level 2 of the Dungeon.
You worshipped Trog.
Trog was pleased with you.
You visited 1 branch of the dungeon, and saw 2 of its levels.

You collected 110 gold pieces.

Inventory:

Hand Weapons
 a - a +0 hand axe (weapon)
Armour
 b - a +0 animal skin (worn)
 g - a +0 pair of boots
   (You found it on level 1 of the Dungeon)
 h - a scarf of shadows
   (You found it on level 1 of the Dungeon)
Jewellery
 i - a cursed amulet of inaccuracy {unknown}
   (You found it on level 1 of the Dungeon)
 l - a cursed -4 ring of intelligence {unknown}
   (You found it on level 2 of the Dungeon)
Scrolls
 e - 7 scrolls of identify {unknown}
 k - a scroll of enchant weapon {unknown}
 n - a scroll of noise {unknown}
Potions
 c - a potion of ambrosia {unknown}
 d - a potion of heal wounds {unknown}
 f - 2 potions of magic {unknown}
 j - a potion of haste {unknown}
 m - a potion of berserk rage {unknown}


   Skills:
 + Level 4.7 Fighting
 + Level 5.2 Axes
 - Level 2.1 Armour
 - Level 1.5 Dodging


You had 2 spell levels left.
You didn't know any spells.
Your spell library was empty.

Dungeon Overview and Level Annotations

Branches:
Dungeon (2/15)

Altars:


Message History

You see here a rat corpse.
Found a black potion.
Found 10 gold pieces.
No target in view!
m - a black potion You now have 91 gold pieces (gained 10).
A hobgoblin comes into view. It is wielding a +0 club.
Found a scroll labeled NYIM OCOULLIGA and 3 gold pieces.
A hobgoblin is nearby!
A hobgoblin is nearby!
A hobgoblin is nearby!
The hobgoblin shouts!
Found 16 gold pieces.
You hit the hobgoblin. The hobgoblin misses you.
You slash the hobgoblin!
You kill the hobgoblin!
Trog accepts your kill.
No target in view!
No target in view!
No target in view!
No target in view!
No target in view!
No target in view!
No target in view!
No target in view!
Things that are here:
a +0 club; a hobgoblin corpse
n - a scroll labeled NYIM OCOULLIGA You now have 94 gold pieces (gained 3).
You now have 110 gold pieces (gained 16).
A worm comes into view.
Found 9 gold pieces.
A worm is nearby!
A worm is nearby!
The worm completely misses you.
You hit the worm. You hit the worm. The worm bites you.
You hit the worm but do no damage. You hit the worm. The worm misses you.
You hit the worm. The worm bites you.
You barely miss the worm.
A worm is nearby!
A worm is nearby!
A worm is nearby!
You barely miss the worm. The worm bites you!
You hit the worm. The worm bites you!
* * * LOW HITPOINT WARNING * * *
You hit the worm. You barely miss the worm. The worm bites you!
You die...

##...#......#
#......######
##...#.# ##.##.#
###.##.# .......#
###.#### #.#
######### #.#
#..@w$..# ###.#
#.#####.#
....###### #.#
.........#####.###
....####.........#
)...# #.#####.#.#
....# #.# #.#.#
....# #.# #.. .
....####.# ###.##


You could see a worm.

Vanquished Creatures
  A leopard gecko (D:2)
  4 giant cockroaches (D:1)
  4 goblins
  8 hobgoblins
  6 jackals (D:1)
  A quokka (D:2)
  A ball python (D:1)
  7 bats
  A frilled lizard (D:1)
  5 kobolds
  11 rats
49 creatures vanquished.

Vanquished Creatures (others)
  9 plants (D:1)
9 creatures vanquished.

Grand Total: 58 creatures vanquished

Notes
Turn   | Place    | Note
-------+----------+-------------------------------------------
     0 | D:1      | KennyOmg the Hill Orc Berserker began the quest for the
                  | Orb.
     0 | D:1      | Reached XP level 1. HP: 19/19 MP: 1/1
   278 | D:1      | Reached XP level 2. HP: 20/27 MP: 2/2
   910 | D:1      | Reached XP level 3. HP: 32/34 MP: 3/3
   916 | D:1      | Reached ** piety under Trog
  1046 | D:1      | Reached skill level 5 in Axes
  1800 | D:2      | Slain by a worm

Illustrated notes

Levels and vault maps discovered:
D:1:      co_arrival_random_square_maze, layout_basic, serial_forest,
          infiniplex_forest_clump_small, infiniplex_forest_clump_diagonal,
          infiniplex_forest_clump_diagonal, infiniplex_forest_clump_C,
          infiniplex_forest_zigzag_2, infiniplex_forest_join,
          infiniplex_forest_clump_double, feat_on_display
D:2:      layout_loops_corners

Skill      XL: |  1  2  3 |
---------------+----------+-----
Fighting       | 4 |  4.7
Axes           | 5 |  5.2
Armour         | |  2.1
Dodging        | |  1.5

Action                   || total
-------------------------++-------
Melee: Hand axe          ||   132
 Stab: Sleeping          ||     3
Armor: Animal skin       ||    29
Dodge: Dodged            ||    80

Table legend: (Time is in decaauts)
 A = Elapsed time spent in this place.
 B = Non-inter-level travel time spent in this place.
 C = Inter-level travel time spent in this place.
 D = Time resting spent in this place.
 E = Time spent auto-exploring this place.
 F = Levels seen in this place.
 G = Mean time per level.
                   A        B        C        D        E       F      G
               +--------+--------+--------+--------+--------+-----+--------+
         Total |   1807 |   1773 |     34 |      0 |   1469 |   2 |  903.5 |
       Dungeon |   1807 |   1773 |     34 |      0 |   1469 |   2 |  903.5 |
               +--------+--------+--------+--------+--------+-----+--------+

Top non-repeatable levels by time:
     D:1: 1399 daAuts
     D:2: 407 daAuts
